 Dungeon Crawl Stone Soup version 0.25-a0-634-gd1561dc703 (webtiles) character file.

Game seed: 1094596407431163219, levelgen mode: deterministic

52 DasRunzen the Poker (level 3, -1/30 HPs)
             Began as a Draconian Gladiator on Mar 20, 2020.
             Slain by a gnoll
             ... wielding a +0 whip
              (2 damage)
             ... on level 2 of the Dungeon.
             The game lasted 00:04:07 (497 turns).

DasRunzen the Poker (Draconian Gladiator)            Turns: 497, Time: 00:04:08

Health: -1/30      AC:  5    Str: 16    XL:     3   Next: 60%
Magic:  4/4        EV: 12    Int:  9    God:
Gold:   20         SH:  3    Dex: 12    Spells: 4/4 levels left

rFire    . . .     SeeInvis .   a - +0 trident
rCold    . . .     Gourm    .   g - +0 buckler
rNeg     . . .     Faith    .   (armour unavailable)
rPois    .         Spirit   .   b - +0 hat
rElec    .         Reflect  .   (no cloak)
rCorr    .         Harm     .   (no gloves)
MR       .....                  (no boots)
Stlth    +.........             (no amulet)
HPRegen  0.10/turn              (no ring)
MPRegen  0.09/turn              (no ring)

@: no status effects
A: unfitting armour, cold-blooded, AC +5
a: no special abilities


You were on level 2 of the Dungeon.
You were not hungry.

You visited 1 branch of the dungeon, and saw 2 of its levels.

You collected 20 gold pieces.

Inventory:

Hand Weapons
 a - a +0 trident (weapon)
Missiles
 c - 3 throwing nets (quivered)
Armour
 b - a +0 hat (worn)
 g - a +0 buckler (worn)
Potions
 e - a potion of flight {unknown}
 h - a potion of mutation
 i - 3 potions of curing
Comestibles
 d - a ration


   Skills:
 + Level 2.8 Fighting
 + Level 3.3 Polearms
 - Level 1.7 Throwing
 + Level 3.1 Dodging
 + Level 0.9 Shields
 + Level 1.1 Spellcasting


You had 4 spell levels left.
You didn't know any spells.
Your spell library was empty.

Dungeon Overview and Level Annotations

Branches:
Dungeon (2/15)

Altars:


Innate Abilities, Weirdness & Mutations

Your plain brown scales are hard. (AC +5)
You cannot fit into any form of body armour.
You are cold-blooded and may be slowed by cold attacks.


Message History

The gnoll is lightly wounded.
The gnoll hits you.
* * * LOW HITPOINT WARNING * * *
You puncture the gnoll!
You kill the gnoll!
You barely miss the gnoll. The gnoll hits you with a +0 whip.
* * * LOW HITPOINT WARNING * * *
The gnoll hits you but does no damage.
You completely miss the gnoll.
Your tail-slap misses the gnoll.
The gnoll completely misses you. The gnoll barely misses you.
The gnoll closely misses you.
You hit the gnoll.
Your tail-slap misses the gnoll.
The gnoll is lightly wounded.
The gnoll hits you from afar with a +0 spear.
* * * LOW HITPOINT WARNING * * *
The gnoll closely misses you.
You barely miss the gnoll.
The gnoll is lightly wounded.
The gnoll closely misses you. The gnoll hits you with a +0 whip.
You die...

#...........#
#...........#
#...........#
#...........#
#....††.....#
#......w†...#
#######g#####
#g# #######@#
#.......#
#.####### #.#
#.#########
#.........#
#########.#
#<# ###


You could see 2 gnolls and a dart slug.

Vanquished Creatures
  2 gnolls (D:2)
  An ooze (D:1)
  3 bats
  2 giant cockroaches (D:1)
  3 goblins (D:1)
  5 hobgoblins (D:1)
  3 jackals (D:1)
  A frilled lizard (D:1)
  2 kobolds (D:1)
  7 rats
29 creatures vanquished.

Notes
Turn   | Place    | Note
-------+----------+-------------------------------------------
     0 | D:1      | DasRunzen the Draconian Gladiator began the quest for the
                  | Orb.
     0 | D:1      | Reached XP level 1. HP: 17/17 MP: 1/1
    54 | D:1      | Reached XP level 2. HP: 24/25 MP: 2/2
   361 | D:1      | Reached skill level 1 in Spellcasting
   361 | D:1      | Reached XP level 3. HP: 30/30 MP: 4/4
   496 | D:2      | HP: 1/30 [gnoll/+0 spear (2)]
   497 | D:2      | Slain by a gnoll

Levels and vault maps discovered:
D:1:      onia_arrival_mini_spirals, layout_rooms
D:2:      layout_basic

Skill      XL: |  1  2 |
---------------+-------+-----
Dodging        | 3 |  3.1
Spellcasting   | 1 |  1.1
Fighting       | |  2.8
Polearms       | |  3.3
Throwing       | |  1.7
Shields        | |  0.9

Action                   || total
-------------------------++-------
Melee: Trident           ||    89
       Tailslap          ||    10
  Use: Scroll            ||     6
 Stab: Sleeping          ||     2
Armor: Skin              ||    26
Dodge: Dodged            ||    49
Block: Buckler           ||     6

Table legend:
 A = Non-vault XP
 B = Vault XP
 C = Vault XP percentage of total XP
 D = Non-vault monster count
 E = Vault monster count
 F = Vault count percentage of total count
                 A         B        C        D         E       F
            +---------+---------+-------+---------+---------+-------
      Total |      75 |       0 |   0.0 |      29 |       0 |   0.0
            +---------+---------+-------+---------+---------+-------
        D:1 |      44 |       0 |   0.0 |      23 |       0 |   0.0
        D:2 |      31 |       0 |   0.0 |       6 |       0 |   0.0
            +---------+---------+-------+---------+---------+-------
